 Dungeon Sprint DCSS version 0.20.0-15-g7f486f2 (webtiles) character file.

138 mcbry the Ruffian (level 5, -1/81 HPs)
             Began as a Troll Hunter on June 23, 2017.
             Was an Initiate of Cheibriados (penitent).
             Slain by a two-headed ogre
             ... wielding a +0 giant club
              (23 damage)
             ... in the Dungeon (Sprint IX: "|||||||||||||||||||||||||||||").
             The game lasted 00:03:36 (197 turns).

mcbry the Ruffian (Troll Hunter)                     Turns: 197, Time: 00:03:36

Health: -1/81      AC:  6    Str: 29    XL:     5   Next: 1%
Magic:  4/4        EV: 13    Int:  7    God:    Cheibriados [*]
Gold:   0          SH:  0    Dex: 10    Spells: 4/4 levels left

rFire    . . .     SeeInvis .     - Unarmed
rCold    . . .     Gourm    +   (no shield)
rNeg     . . .     Faith    .   b - +0 robe
rPois    .         Spirit   .   (helmet restricted)
rElec    .         Reflect  .   p - +0 cloak
rCorr    .         Harm     .   (gloves unavailable)
MR       .....     NoTele   +   (boots unavailable)
Stlth    ..........             (no amulet)
Regen    0.7/turn               q - +3 ring of strength
MPRegen  0.1/turn               r - +2 ring of evasion

@: berserking, slow
A: unfitting armour, claws 3, fast metabolism 3, gourmand, regeneration 1,
shaggy fur 1, tough skin 2
a: Renounce Religion


You were in the Dungeon.
You worshipped Cheibriados.
Cheibriados was demanding penance.
You were full.

You visited 1 branch

Inventory:

Hand Weapons
 a - a +0 short sword
Missiles
 c - 5 large rocks (quivered)
 d - 2 throwing nets
Armour
 b - a +0 robe (worn)
 p - a +0 cloak (worn)
Jewellery
 q - a +3 ring of strength (left claw)
 r - a +2 ring of evasion (right claw)
Wands
 o - a wand of acid (7/15)
Scrolls
 k - 2 scrolls of blinking
 m - 3 scrolls of remove curse
 n - 2 scrolls of amnesia
Potions
 e - a potion of invisibility
 g - 2 potions of heal wounds
 h - a potion of haste
 i - 4 potions of magic
 l - 4 potions of curing
Comestibles
 f - 2 bread rations


   Skills:
 + Level 3.9 Fighting
 + Level 5.5 Throwing
 + Level 3.9 Dodging
 - Level 0.3 Stealth
 * Level 6.1 Unarmed Combat


You had 4 spell levels left.
You didn't know any spells.

Dungeon Overview and Level Annotations

Branches:
Dungeon (1/1)

Altars:
Cheibriados
Dithmenos
Elyvilon
Fedhas
Gozag
Hepliaklqana
Kikubaaqudgha
Makhleb
Nemelex Xobeh
Okawaru
Qazlal
Ru
Sif Muna
Trog
Uskayaw
Vehumet
Xom
Yredelemnul
Zin
The Shining One
Beogh
Jiyva
Lugonu


Innate Abilities, Weirdness & Mutations

You are too large for most types of armour.
You have claws for hands.
Your metabolism is lightning-fast.
You like to eat raw meat.
Your natural rate of healing is unusually fast.
You are covered in fur. (AC +1)
You have very tough skin. (AC +2)


Message History

You feel very guilty. "You will pay for your transgression, mortal!"
Cheibriados forces you to slow down.
You feel mighty!
The two-headed ogre hits you with a giant club!
The two-headed ogre closely misses you.
You mangle the two-headed ogre!!
The two-headed ogre is moderately wounded.
The two-headed ogre hits you with a giant club!
The two-headed ogre hits you with a giant spiked club!
You claw the two-headed ogre!
The two-headed ogre is heavily wounded.
The orc wizard gestures wildly while chanting.
The orc wizard seems to speed up.
You barely miss the two-headed ogre.
The two-headed ogre is heavily wounded.
The two-headed ogre hits you with a giant club!
* * * LOW HITPOINT WARNING * * *
The two-headed ogre hits you with a giant spiked club!!
You die...

▓.▓
▓t▓
▓W▓
▓o▓
▓W▓
▓Y▓
▓O▓
▓@▓
▓.▓
▓[▓
▓.▓
▓[▓
▓)▓
▓|▓
▓.▓
▓.▓


You could see a two-headed ogre, a yak, a hungry ghost, a wraith, a crocodile
and an orc wizard.

Vanquished Creatures
  A centaur (D)
  An iguana (D)
  A gnoll (D)
  An adder (D)
  An adder zombie (D)
  A leopard gecko (D)
  A giant cockroach (D)
  2 goblins (D)
  A rat (D)
10 creatures vanquished.

Notes
Turn   | Place    | Note
-------+----------+-------------------------------------------
     0 | D        | mcbry the Troll Hunter began the quest for the Orb.
     0 | D        | Reached XP level 1. HP: 19/19 MP: 0/0
     5 | D        | Reached skill level 2 in Unarmed Combat
     5 | D        | Reached XP level 2. HP: 28/28 MP: 1/1
    34 | D        | Noticed a centaur
    39 | D        | Reached skill level 3 in Unarmed Combat
    53 | D        | Reached skill level 4 in Unarmed Combat
    53 | D        | Reached XP level 3. HP: 27/36 MP: 2/2
    63 | D        | Killed a centaur
    63 | D        | Reached skill level 5 in Throwing
    63 | D        | Reached skill level 6 in Unarmed Combat
    63 | D        | Reached XP level 4. HP: 29/48 MP: 3/3
    64 | D        | Reached XP level 5. HP: 33/54 MP: 4/4
   110 | D        | Found a roughly hewn altar of Beogh.
   110 | D        | Found a snail-covered altar of Cheibriados.
   110 | D        | Found a shadowy altar of Dithmenos.
   110 | D        | Found a white marble altar of Elyvilon.
   110 | D        | Found a blossoming altar of Fedhas.
   110 | D        | Found an opulent altar of Gozag.
   111 | D        | Found a hazy altar of Hepliaklqana.
   112 | D        | Found a viscous altar of Jiyva.
   113 | D        | Found an ancient bone altar of Kikubaaqudgha.
   114 | D        | Found a corrupted altar of Lugonu.
   115 | D        | Found a burning altar of Makhleb.
   116 | D        | Found a sparkling altar of Nemelex Xobeh.
   117 | D        | Found an iron altar of Okawaru.
   118 | D        | Found a stormy altar of Qazlal.
   119 | D        | Found a sacrificial altar of Ru.
   120 | D        | Found a deep blue altar of Sif Muna.
   121 | D        | Found a bloodstained altar of Trog.
   122 | D        | Found a hide-covered altar of Uskayaw.
   123 | D        | Found a radiant altar of Vehumet.
   125 | D        | Found a shimmering altar of Xom.
   146 | D        | Became a worshipper of Cheibriados the Contemplative
   159 | D        | Found a basalt altar of Yredelemnul.
   160 | D        | Found a glowing silver altar of Zin.
   161 | D        | Found a glowing golden altar of the Shining One.
   193 | D        | Noticed a crocodile
   193 | D        | Noticed a hungry ghost
   193 | D        | Noticed a wraith
   193 | D        | Noticed a yak
   193 | D        | Noticed a two-headed ogre
   194 | D        | Was placed under penance by Cheibriados
   197 | D        | Slain by a two-headed ogre

Skill      XL: |  1  2  3 |
---------------+----------+-----
Fighting       | 2 3 |  3.9
Throwing       | 4 5 |  5.5
Dodging        | 2 3 |  3.9
Unarmed Combat | 2 4 6 |  6.1
Stealth        | |  0.3

Action                   |  1- 3 |  4- 6 || total
-------------------------+-------+-------++-------
Melee: Unarmed           |    24 |     4 ||    28
Throw: Large rock        |    10 |       ||    10
  Use: Potion            |     2 |     1 ||     3
  Eat: Chunk             |       |     4 ||     4
Armor: Robe              |     9 |       ||     9
Dodge: Dodged            |    24 |     1 ||    25
